 Dungeon Crawl Stone Soup version 0.29-a0-25-g7f48f510a0 (webtiles) character file.

Game seed: 5743234965845975588

436 testman the Insei (level 6, -4/53 HPs)
             Began as a Draconian Transmuter on Jan 31, 2022.
             Was an Initiate of Ru.
             Splashed by a jelly's acid (9 damage)
             ... on level 5 of the Dungeon.
             The game lasted 00:12:49 (3957 turns).

testman the Insei (Draconian Transmuter)            Turns: 3957, Time: 00:12:49

Health: -4/53      AC: -13   Str: 18    XL:     6   Next: 68%
Magic:  9/9        EV: 27    Int: 21    God:    Ru [......]
Gold:   191        SH:  0    Dex: 12    Spells: 2/9 levels left

rFire   . . .      SeeInvis .     - Unarmed
rCold   . . .      Faith    .   (no shield)
rNeg    . . .      Spirit   .   (armour unavailable)
rPois   .          Reflect  .   (helmet currently unavailable)
rElec   .          Harm     .   (no cloak)
rCorr   .          Rampage  .   w - +0 pair of gloves
Will    .....                   (boots currently unavailable)
Stlth   +.........              d - amulet of the acrobat
HPRegen 0.17/turn               q - +6 ring of intelligence
MPRegen 0.11/turn               x - +6 ring of strength

@: appendages (expiring), corroded, acrobatic
A: horns 2, talons 2, AC +6, unfitting armour, cold-blooded
a: End Transformation, Renounce Religion


You were on level 5 of the Dungeon.
You worshipped Ru.
Ru was noncommittal.
You had temporarily grown beastly horns and talons.
You visited 1 branch of the dungeon, and saw 5 of its levels.

You collected 191 gold pieces.

Inventory:

Missiles
 f - 142 stones
 i - 5 boomerangs
Armour
 w - a +0 pair of gloves (worn)
Jewellery
 d - an amulet of the acrobat (around neck)
 n - a ring of fire
 q - a +6 ring of intelligence (left hand)
 r - an amulet of faith
 u - a ring of protection from fire
 x - a +6 ring of strength (right hand)
Scrolls
 a - 3 scrolls of blinking {unknown}
 c - 3 scrolls of teleportation {unknown}
 e - a scroll of noise {unknown}
 g - 2 scrolls of enchant armour {unknown}
 h - a scroll of amnesia {unknown}
 j - a scroll of holy word {unknown}
 k - 3 scrolls of vulnerability {unknown}
 p - 2 scrolls of identify {unknown}
 t - a scroll of silence {unknown}
Potions
 b - a potion of mutation {unknown}
 l - 3 potions of curing
 m - a potion of might {unknown}
 o - a potion of flight {unknown}
 s - a potion of ambrosia {unknown}
 v - a potion of degeneration {unknown}
 z - a potion of berserk rage {unknown}


   Skills:
 + Level 4.5 Fighting
 - Level 1.7 Dodging
 + Level 5.1 Unarmed Combat
 - Level 2.0 Spellcasting
 + Level 3.2 Transmutations
 + Level 2.2 Ice Magic


You had 2 spell levels left.
You knew the following spells:

 Your Spells              Type           Power      Damage    Failure   Level
a - Beastly Appendage     Tmut           30%        N/A       4%          1
b - Wereblood             Tmut           15%        N/A       6%          2
c - Ice Form              Ice/Tmut       13%        N/A       43%         4

Your spell library contained the following spells:

 Spells                   Type           Power      Damage    Failure   Level
 Freeze                   Ice            44%        1d6       6%          1
 Passwall                 Tmut/Erth      6%         N/A       12%         2
 Sandblast                Erth           4%         2d4       14%         1
 Ensorcelled Hibernation  Hex/Ice        12%        N/A       14%         2
 Frozen Ramparts          Ice            22%        1d4       17%         3
 Ozocubu's Armour         Ice            11%        N/A       17%         3
 Spider Form              Tmut/Pois      8%         N/A       22%         3
 Stone Arrow              Conj/Erth      4%         3d7       41%         3
 Tukima's Dance           Hex            2%         N/A       41%         3
 Hailstorm                Conj/Ice       6%         3d4       67%         4
 Anguish                  Hex/Necr       1%         N/A       82%         4
 Passage of Golubria      Tloc           2%         N/A       82%         4
 Yara's Violent Unravell  Hex/Tmut       4%         3d4       91%         5
 Metabolic Englaciation   Hex/Ice        3%         N/A       95%         5
 Simulacrum               Ice/Necr       3%         N/A       100%        6


Dungeon Overview and Level Annotations

Branches:
Dungeon (5/15)
 Temple: D:4-7

Altars:
Ashenzari
Cheibriados
Ru
Vehumet


Innate Abilities, Weirdness & Mutations

You have temporarily grown beastly horns and talons.
Your plain brown scales are hard. (AC +6)
You cannot fit into any form of body armour.
You are cold-blooded and may be slowed by cold attacks.


Message History

You are too injured to fight recklessly!
You are too injured to fight recklessly!
Your primal bloodlust is almost over.
The hound completely misses you.
You see here a bullfrog corpse.
You miss the hound. The hound bites you. The hound closely misses you.
You hit the jelly but do no damage.
Your hands burn!
You headbutt the jelly.
The jelly is severely wounded.
You howl as the wereblood boils in your veins!
Your transformation is almost over.
The hound bites you. The jelly barely misses you.
You hit the jelly but do no damage.
Your hands burn!
The jelly is severely wounded.
The hound bites you.
* * * LOW HITPOINT WARNING * * *
The jelly completely misses you.
You hit the jelly.
Your hands burn!
* * * LOW HITPOINT WARNING * * *
You claw the jelly, but do no damage.
The jelly is severely wounded.
Your primal bloodlust has ended.
The hound closely misses you. The hound bites you.
* * * LOW HITPOINT WARNING * * *
Okay, then.
Casting: Wereblood (safe; 6% risk of failure)
Confirm with . or Enter, or press ? or * to list all spells.
Okay, then.
Casting: Wereblood (safe; 6% risk of failure)
Confirm with . or Enter, or press ? or * to list all spells.
Okay, then.
It was a potion of curing.
You feel better. The jelly hits you.
* * * LOW HITPOINT WARNING * * *
You are splashed with acid.
* * * LOW HITPOINT WARNING * * *
The hound closely misses you. The hound completely misses you.
The jelly hits you.
* * * LOW HITPOINT WARNING * * *
The acid corrodes you!
You are splashed with acid!
You die...

.##..# #.# #.# .##..# #.# #.#
.....###.# #.# .........# #.#
+# ####.##### #.# ... ##.#
#.## .... ##..# #####..###
.....
##.<.#######.....h..###......
................@J.†.........
##...#######.###+###.........
##..# #.# #..##..... ##.# #.#
#..# .... #.# #.+ +..# ...
#.# #.# #.## .. ###.# #.# #.#
# #...# #.# #.# #.###


You could see a hound and a jelly.

Vanquished Creatures
  An ogre (D:4)
  A bullfrog (D:5)
  A jelly (D:4)
  Jessica (D:3)
  Natasha (thrice) (D:4)
  2 iguanas
  A howler monkey zombie (D:5)
  A gnoll (D:1)
  3 adders (D:3)
  2 dart slugs (D:1)
  2 orcs
  3 bats
  5 endoplasms
  3 giant cockroaches
  4 goblins
  6 hobgoblins
  2 kobolds (D:4)
  5 quokkas
  5 ball pythons
  5 frilled lizards
  6 rats
62 creatures vanquished.

Vanquished Creatures (others)
  2 fungi (D:3)
  9 plants (D:3)
11 creatures vanquished.

Grand Total: 73 creatures vanquished

Notes
Turn   | Place    | Note
-------+----------+-------------------------------------------
     0 | D:1      | testman the Draconian Transmuter began the quest for the
                  | Orb.
     0 | D:1      | Reached XP level 1. HP: 16/16 MP: 3/3
   286 | D:1      | Reached XP level 2. HP: 19/24 MP: 3/5
   291 | D:1      | Learned a level 2 spell: Wereblood
   635 | D:1      | You fall into a shaft and drop 1 floor!
   752 | D:1      | Reached XP level 3. HP: 28/30 MP: 4/6
  1981 | D:3      | Reached skill level 4 in Unarmed Combat
  2088 | D:3      | Reached XP level 4. HP: 26/38 MP: 5/7
  2186 | D:3      | Found a radiant altar of Vehumet.
  2454 | D:3      | Found a faded altar of an unknown god.
  2657 | D:3      | Learned a level 4 spell: Ice Form
  2775 | D:3      | Noticed Jessica
  2780 | D:3      | Killed Jessica
  2781 | D:3      | Reached XP level 5. HP: 42/46 MP: 5/8
  2940 | D:4      | Found a broken altar of Ashenzari.
  2940 | D:4      | Found a sacrificial altar of Ru.
  2947 | D:4      | Became a worshipper of Ru the Awakened
  2987 | D:4      | Noticed Natasha
  2993 | D:4      | Killed Natasha
  3064 | D:4      | Noticed Natasha
  3072 | D:4      | Killed Natasha
  3073 | D:4      | Reached skill level 1 in Ice Magic
  3282 | D:4      | Noticed an ogre
  3303 | D:4      | Killed an ogre
  3304 | D:4      | Reached XP level 6. HP: 52/52 MP: 2/9
  3408 | D:4      | Found a snail-covered altar of Cheibriados.
  3517 | D:4      | Reached skill level 5 in Unarmed Combat
  3574 | D:4      | Noticed Natasha
  3582 | D:4      | Killed Natasha
  3773 | D:5      | Entered Level 5 of the Dungeon
  3957 | D:5      | Splashed by a jelly's acid

Illustrated notes

Levels and vault maps discovered:
D:1:      scummos_arrival_hexagon, layout_basic, minmay_tripent
D:2:      layout_basic
D:3:      layout_rooms, fiery_altar_vehumet,
          shapermc_ecumenical_altar_mp_urbaneastern, uniq_jessica
D:4:      layout_basic, gammafunk_temple_overflow_pools,
          mainiacjoe_overflow_catwalk, uniq_natasha
D:5:      layout_loops_corners, lemuel_doored_altar, amcnicky_altar_gilded

Skill      XL: |  1  2  3  4  5  6 |
---------------+-------------------+-----
Fighting       | 2 3 4 |  4.5
Unarmed Combat | 4 5 |  5.1
Ice Magic      | 1 2 |  2.2
Transmutations | 3 |  3.2
Dodging        | |  1.7
Spellcasting   | |  2.0

Action                   |  1- 3 |  4- 6 || total
-------------------------+-------+-------++-------
Melee: Unarmed           |    90 |    81 ||   171
       Kick              |    15 |    20 ||    35
       Headbutt          |    11 |     9 ||    20
       Tailslap          |     7 |     7 ||    14
       Punch             |       |     1 ||     1
 Cast: Beastly Appendage |    22 |    16 ||    38
       Wereblood         |     3 |     2 ||     5
       Ice Form          |       |     1 ||     1
  Use: Potion            |       |     1 ||     1
Armor: Skin              |    20 |    11 ||    31
Dodge: Dodged            |    58 |    47 ||   105

Table legend: (Time is in decaauts)
 A = Elapsed time spent in this place.
 B = Non-inter-level travel time spent in this place.
 C = Inter-level travel time spent in this place.
 D = Time resting spent in this place.
 E = Time spent auto-exploring this place.
 F = Levels seen in this place.
 G = Mean time per level.
                   A        B        C        D        E       F      G
               +--------+--------+--------+--------+--------+-----+--------+
         Total |   3942 |   3862 |     80 |    239 |   3001 |   5 |  788.4 |
       Dungeon |   3942 |   3862 |     80 |    239 |   3001 |   5 |  788.4 |
               +--------+--------+--------+--------+--------+-----+--------+

Top non-repeatable levels by time:
     D:1: 1166 daAuts
     D:3: 932 daAuts
     D:4: 863 daAuts
     D:2: 799 daAuts
     D:5: 181 daAuts
